 Dungeon Crawl Stone Soup version 0.28.0-43-g3370ac3207 (webtiles) character file.

Game seed: 3175876672702725601

23 tizbic2 the Skirmisher (level 2, -6/26 HPs)
             Began as a Ghoul Fighter on Mar 17, 2022.
             Mangled by a gnoll
             ... wielding a +0 halberd
              (8 damage)
             ... on level 2 of the Dungeon.
             The game lasted 00:04:00 (810 turns).

tizbic2 the Skirmisher (Ghoul Fighter)               Turns: 810, Time: 00:04:00

Health: -6/26      AC:  8    Str: 19    XL:     2   Next: 95%
Magic:  0/1        EV:  6    Int:  3    God:
Gold:   26         SH:  4    Dex:  8    Spells: 1/1 levels left

rFire   . . .      SeeInvis .   a - +0 long sword
rCold   + . .      Faith    .   c - +0 buckler
rNeg    + + +      Spirit   +   i - +0 chain mail
rPois   ∞          Reflect  .   (no helmet)
rElec   .          Harm     .   (no cloak)
rCorr   .          Rampage  .   (no gloves)
Will    .....                   (no boots)
Stlth   ..........              e - amulet of guardian spirit
HPRegen 0.00/turn               (no ring)
MPRegen 0.07/turn               (no ring)

@: inhibited regen
A: claws 1, cold resistance 1, negative energy resistance 3, inhibited
regeneration, torment resistance 2
a: no special abilities


You were on level 2 of the Dungeon.
You visited 1 branch of the dungeon, and saw 2 of its levels.

You collected 26 gold pieces.

Inventory:

Hand Weapons
 a - a +0 long sword (weapon)
Missiles
 h - 14 stones (quivered)
 j - 8 javelins
 l - 2 poisoned darts
 n - a throwing net
Armour
 b - a +0 scale mail
 c - a +0 buckler (worn)
 i - a +0 chain mail (worn)
 k - a +0 ring mail
Jewellery
 e - an amulet of guardian spirit (around neck)
Scrolls
 f - a scroll of identify
 m - a scroll of magic mapping {unknown}
Potions
 d - a potion of might
 g - a potion of curing


   Skills:
 + Level 3.6 Fighting
 * Level 2.4 Long Blades
 - Level 2.6 Armour
 - Level 2.6 Shields
 + Level 1.1 Invocations


You had one spell level left.
You didn't know any spells.
Your spell library contained the following spells:

 Spells                   Type           Power      Damage    Failure   Level
 Shock                    Conj/Air       0%         1d3       100%        1
 Swiftness                Air            0%         N/A       100%        3
 Airstrike                Air            0%         N/A       100%        4
 Hailstorm                Conj/Ice       0%         3d3       100%        4
 Simulacrum               Ice/Necr       0%         N/A       100%        6
 Ice Form                 Ice/Tmut       Unusable   N/A       N/A         4

Dungeon Overview and Level Annotations

Branches:
Dungeon (2/15)

Altars:


Innate Abilities, Weirdness & Mutations

You thrive by killing the living.
You are immune to poison.
You have sharp fingernails.
Your flesh is cold resistant. (rC+)
You are immune to negative energy. (rN+++)
You do not regenerate when monsters are visible.
You are immune to unholy pain and torment.


Message History

The jackal bites you.
There is a stone staircase leading up here.
You closely miss the jackal.
The jackal bites you but does no damage.
You hit the jackal.
You kill the jackal!
The jackal bites you but does no damage.
You closely miss the jackal. You block the jackal's attack.
You block the gnoll's attack.
The jackal bites you but does no damage.
You barely miss the jackal. The jackal closely misses you.
The gnoll barely misses you.
You miss the jackal. The jackal bites you. You block the gnoll's attack.
The jackal bites you but does no damage.
You closely miss the jackal. You block the jackal's attack.
The gnoll barely misses you.
The jackal bites you but does no damage.
The gnoll hits you from afar with a +0 halberd.
You miss the jackal.
The jackal bites you but does no damage.
The gnoll hits you but does no damage.
The jackal bites you but does no damage.
You closely miss the jackal. You block the jackal's attack.
The gnoll hits you from afar with a +0 halberd.
The jackal bites you but does no damage.
You hit the jackal.
You kill the jackal!
You feel better.
The gnoll hits you from afar with a +0 halberd. x2
You barely miss the endoplasm. You block the endoplasm's attack.
The gnoll hits you from afar with a +0 halberd.
You slash the endoplasm!
You kill the endoplasm!
You feel better.
The gnoll hits you from afar with a +0 halberd!
* * * LOW HITPOINT WARNING * * *
The gnoll hits you with a +0 flail.
* * * LOW HITPOINT WARNING * * *
The gnoll hits you from afar with a +0 halberd!
You die...

.## #.#.##.# #.# .#
#......# #.## .#
#.#.##.# ###### #..#
.######...##.# #.....#
##.#
........#....####.....#
#.# .......###.....
......# #<#
.......)#..#..# #.....#
#.#
.#####........###.....#
#.# .# #......#...g@...#
#†# #.
#..#.#.#..g####.######.#
#
#..........####........#
#[##.......##...########
#.####.#.#.##.#.# ...
#.#.#......# ##h..
..#.####.### .##...##..
..# h ... ..# ####


You could see 2 gnolls.

Vanquished Creatures
  A dart slug (D:1)
  A bat (D:1)
  3 endoplasms
  2 giant cockroaches (D:2)
  A goblin (D:2)
  A hobgoblin (D:1)
  2 jackals (D:2)
  A quokka (D:1)
  A ball python (D:2)
  4 frilled lizards
  2 kobolds
19 creatures vanquished.

Notes
Turn   | Place    | Note
-------+----------+-------------------------------------------
     0 | D:1      | tizbic2 the Ghoul Fighter began the quest for the Orb.
     0 | D:1      | Reached XP level 1. HP: 19/19 MP: 0/0
   131 | D:1      | Reached XP level 2. HP: 26/26 MP: 1/1
   637 | D:2      | Reached skill level 1 in Invocations
   810 | D:2      | Mangled by a gnoll

Illustrated notes

Levels and vault maps discovered:
D:1:      grunt_arrival_lava_bath, layout_rooms, minivault_26
D:2:      minmay_chambers_of_twos, layout_loops_cross,
          hellmonk_ecumenical_altar_defaced_shrine, minmay_tetromino_t4

Skill      XL: |  1  2 |
---------------+-------+-----
Long Blades    | 2 |  2.4
Invocations    | 1 |  1.1
Fighting       | |  3.6
Armour         | |  2.6
Shields        | |  2.6

Action                   || total
-------------------------++-------
Melee: Long sword        ||    57
Throw: Stone             ||     6
  Use: Scroll            ||     1
Armor: Scale mail        ||     3
       Chain mail        ||    29
Dodge: Dodged            ||    20
Block: Buckler           ||    14
